 Dungeon Crawl Stone Soup version 0.26.1-11-gd32895ea62 (webtiles) character file.

Game seed: 6647069281256612743

1846 Zeld the Geomancer (level 9, -11/45 HPs)
             Began as a Gargoyle Earth Elementalist on June 9, 2021.
             Was an Initiate of Sif Muna.
             Blown up by Pikel (25 damage)
             ... with a disintegration bolt
             ... on level 6 of the Dungeon.
             The game lasted 00:13:58 (11732 turns).

Zeld the Geomancer (Gargoyle Earth Elementalist)   Turns: 11732, Time: 00:13:59

Health: -11/45     AC: 10    Str: 11    XL:     9   Next: 12%
Magic:  0/17       EV: 13    Int: 20    God:    Sif Muna [......]
Gold:   309        SH:  0    Dex: 10    Spells: 3/18 levels left

rFire    . . .     SeeInvis +   a - staff of earth
rCold    . . .     Faith    .   (no shield)
rNeg     + . .     Spirit   .   c - +0 robe
rPois    ∞         Reflect  .   r - +2 hat
rElec    +         Harm     .   (no cloak)
rCorr    .         Rampage  .   (no gloves)
Will     .....                  (no boots)
Stlth    ++........             (no amulet)
HPRegen  0.15/turn              q - ring of see invisible
MPRegen  0.15/turn              (no ring)

@: no status effects
A: negative energy resistance 1, electricity resistance, unbreathing,
petrification resistance, miasma immunity, AC +6
a: Renounce Religion


You were on level 6 of the Dungeon.
You worshipped Sif Muna.
Sif Muna was noncommittal.
You visited 2 branches of the dungeon, and saw 7 of its levels.
You also visited: Sewer and Ossuary.

You collected 309 gold pieces.

Inventory:

Missiles
 y - 38 stones (quivered)
Armour
 c - a +0 robe (worn)
 r - a +2 hat (worn)
Magical Staves
 a - an uncursed staff of earth (weapon)
Jewellery
 q - a ring of see invisible (left hand)
 A - a cursed ring of attention {unknown}
Wands
 h - a wand of random effects (13)
 l - a wand of digging (5)
Scrolls
 d - a scroll of magic mapping
 g - a scroll of fear
 k - 6 scrolls of remove curse
 p - 4 scrolls of teleportation
 s - a scroll of enchant armour
 v - 2 scrolls of enchant weapon {unknown}
 z - a scroll of blinking {unknown}
Potions
 b - 5 potions of haste {unknown}
 e - a potion of resistance
 f - 3 potions of lignification {unknown}
 i - a potion of ambrosia {unknown}
 j - 3 potions of flight {unknown}
 m - a potion of berserk rage {unknown}
 n - 3 potions of might {unknown}
 o - 5 potions of degeneration {unknown}
 t - 4 potions of heal wounds {unknown}
 u - 3 potions of curing {unknown}
 w - a potion of mutation {unknown}
 x - a potion of brilliance {unknown}


   Skills:
 * Level 2.6 Staves
 + Level 4.8 Dodging
 - Level 2.1 Stealth
 + Level 5.4 Spellcasting
 - Level 0.7 Transmutations
 * Level 10.1 Earth Magic


You had 3 spell levels left.
You knew the following spells:

 Your Spells              Type           Power        Failure   Level
a - Sandblast             Erth           100%         1%          1
b - Passwall              Tmut/Erth      33%          1%          2
c - Stone Arrow           Conj/Erth      76%          4%          3
d - Petrify               Tmut/Erth      40%          12%         4
e - Lee's Rapid Deconstr  Erth           31%          4%          5

Your spell library contained the following spells:

 Spells                   Type           Power        Failure   Level


Dungeon Overview and Level Annotations

Branches:
Dungeon (6/15)             Temple (1/1) D:6           Sewer (visited)
Ossuary (visited)

Altars:
Ashenzari
Dithmenos
Elyvilon
Gozag
Hepliaklqana
Kikubaaqudgha
Makhleb
Nemelex Xobeh
Okawaru
Qazlal
Ru
Sif Muna
Uskayaw
Vehumet
Wu Jian
Xom
Yredelemnul
The Shining One
Beogh

Annotations:
D:5 3 runed translucent doors, oc3rt's ghost, novice KoHu
D:6 Pikel


Innate Abilities, Weirdness & Mutations

You are resistant to torment.
Your stone body is resilient. (AC +6)
You are immune to poison.
You resist negative energy. (rN+)
You are resistant to electric shocks. (rElec)
You can survive without breathing.
You are immune to petrification.
You are immune to miasma.


Message History

The lemure completely misses you.
Casting: Lee's Rapid Deconstruction (quite dangerous; 4% risk of failure)
Confirm with . or Enter, or press ? or * to list all spells.
Aiming: Stone Arrow (dangerous; 4% risk of failure)
Press: ? - help, Shift-Dir - straight line You feel a surge of power!
The stone arrow hits the lemure!
You kill the lemure!
That felt strangely unrewarding.
An adder comes into view.
A lemure comes into view.
Pikel zaps a wand.
You are blasted!
Ouch! That really hurt!
Unknown command.
Press: ? - help, v - describe, . - travel
Here: Pikel, wielding a +2 whip of freezing, wearing a +0 robe and carrying a wand of disintegration (18) (heavily wounded)
The floor.
Unknown command.
Unknown command.
Pikel zaps a wand.
You are blasted!
Ouch! That really hurt!
You die...

,,,* *,***,* #...#
**,***,,,,,* #.###
**,,,,,,,,,* #.#
,,,*,,,,,*,* ##.##
*,,,,,,,,,,* #...#
,,,*,⌠,⌠,*,* ##.##
*,,,,,,,,,,* #.#
*,,*,.,,,*,* #.#
,,,,,._.,,,* #@#
**,*,[...#,* #.#
**,,,......#####.#
*,,*,⌠,⌠,#5S5..K.#
*,,,,.5....#######
,,,*,....#,*
*<,,,...,,,*
*,***#,,****
*,,,,,,,*


You could see Pikel.

Vanquished Creatures
  Grinder (D:3)
  2 sky beasts (D:5)
  A phantom (D:6)
  An ogre (D:4)
  A centaur (D:5)
  2 lemures (D:6)
  2 bullfrogs (Sewer)
  2 scorpions
  A hound (D:6)
  A jelly (D:6)
  An orc wizard (D:5)
  An orc priest (D:5)
  Jessica (D:3)
  A centaur skeleton (D:5)
  10 worker ants
  13 mummies (Ossuary)
  A howler monkey zombie (D:5)
  Robin (D:2)
  8 gnolls (D:3)
  9 adders
  3 river rats (D:6)
  2 shadow imps
  A white imp (D:6)
  A worm zombie (D:5)
  An adder skeleton (D:4)
  6 worms
  2 dart slugs (D:1)
  5 leopard geckos
  10 orcs
  4 bats
  14 giant cockroaches
  11 goblins
  12 hobgoblins
  6 jackals
  11 kobolds
  2 quokkas
  4 ball pythons
  9 frilled lizards
  2 gnoll skeletons (Ossuary)
  2 goblin skeletons (Ossuary)
  2 kobold skeletons (Ossuary)
  2 orc skeletons (Ossuary)
  An orc zombie (D:5)
  A quokka skeleton (D:4)
  11 rats
  11 rat skeletons (Ossuary)
196 creatures vanquished.

Vanquished Creatures (others)
  An orc wizard (D:5)
1 creature vanquished.

Grand Total: 197 creatures vanquished

Notes
Turn   | Place    | Note
-------+----------+-------------------------------------------
     0 | D:1      | Zeld the Gargoyle Earth Elementalist began the quest for
                  | the Orb.
     0 | D:1      | Reached XP level 1. HP: 10/10 MP: 3/3
   204 | D:1      | Reached skill level 4 in Earth Magic
   204 | D:1      | Reached XP level 2. HP: 15/15 MP: 1/5
   228 | D:1      | Learned a level 2 spell: Passwall
   609 | D:1      | Reached XP level 3. HP: 18/19 MP: 1/6
   624 | D:1      | Learned a level 3 spell: Stone Arrow
  1386 | D:2      | Reached XP level 4. HP: 24/24 MP: 0/7
  1397 | D:2      | Noticed Robin
  1592 | D:2      | Killed Robin
  1593 | D:2      | Reached skill level 5 in Earth Magic
  1900 | D:2      | Found a shimmering altar of Xom.
  2488 | D:3      | Noticed Jessica
  2489 | D:3      | Killed Jessica
  2490 | D:3      | Reached XP level 5. HP: 28/28 MP: 7/9
  3083 | D:2      | Found a sacrificial altar of Ru.
  3391 | D:3      | Noticed Grinder
  3409 | D:3      | Reached skill level 6 in Earth Magic
  3886 | D:3      | Paralysed by Grinder for 6 turns
  3910 | D:3      | Killed Grinder
  3911 | D:3      | Reached skill level 7 in Earth Magic
  3911 | D:3      | Reached XP level 6. HP: 12/32 MP: 2/11
  3916 | D:3      | Learned a level 4 spell: Petrify
  4145 | D:3      | Reached XP level 7. HP: 36/36 MP: 10/12
  5399 | D:5      | Entered Level 5 of the Dungeon
  5439 | D:5      | Found a sand-covered staircase.
  5487 | Ossuary  | Entered an ossuary
  5675 | Ossuary  | Reached skill level 8 in Earth Magic
  6958 | Ossuary  | Reached XP level 8. HP: 41/41 MP: 7/14
  8079 | D:5      | Reached skill level 9 in Earth Magic
  8179 | D:5      | Found a runed translucent gate.
  8180 | D:5      | Found a runed translucent gate.
  8180 | D:5      | Found a runed translucent gate.
  8180 | D:5      | Noticed oc3rt's ghost (novice KoHu)
  8284 | D:5      | Identified the +0 scale mail of Dyall {*Slow rCorr SInv}
  8288 | D:5      | Found a roughly hewn altar of Beogh.
  8887 | D:5      | Reached skill level 5 in Spellcasting
  9014 | D:5      | Learned a level 5 spell: Lee's Rapid Deconstruction
  9438 | D:5      | Identified a scroll of acquirement
  9439 | D:5      | Acquired an uncursed staff of earth
  9891 | D:6      | Found a glowing drain.
  9967 | Sewer    | Entered a sewer
 10556 | Sewer    | Reached skill level 1 in Staves
 11173 | D:6      | Found a staircase to the Ecumenical Temple.
 11180 | D:6      | Reached XP level 9. HP: 45/45 MP: 11/16
 11186 | D:6      | Identified the +3 short sword of Ruination {drain, Str+3}
 11194 | Temple   | Entered the Ecumenical Temple
 11315 | Temple   | Became a worshipper of Sif Muna the Loreminder
 11394 | D:6      | Reached skill level 10 in Earth Magic
 11717 | D:6      | Found a white marble altar of Elyvilon.
 11718 | D:6      | Noticed Pikel
 11732 | D:6      | Blown up by Pikel

Illustrated notes

Levels and vault maps discovered:
D:1:      mrwooster_arrival_statue_2, layout_loops_ring, minivault_27,
          st_stairs_8
D:2:      layout_loops_ring, nicolae_overflow_hidden_temple, uniq_robin
D:3:      layout_loops_ring, uniq_grinder, uniq_jessica
D:4:      layout_basic
D:5:      layout_loops_cross, enter_ossuary_3, biasface_ghost_orc_armoury,
          minmay_misc_feat_encased, minmay_between
D:6:      layout_loops_cross, zin_angel, minmay_temple_entry_sparse_star,
          lightli_sewer_entry_pipes, elyvilon_altar_5, uniq_pikel
Temple:   regret_index_temple_waves

Skill      XL: |  1  2  3  4  5  6  7  8  9 |
---------------+----------------------------+-----
Earth Magic    | 4 5 7 8 9 10 | 10.1
Dodging        | 2 3 4 |  4.8
Spellcasting   | 3 4 5 |  5.4
Staves         | 2 |  2.6
Stealth        | |  2.1
Transmutations | |  0.7

Action                   |  1- 3 |  4- 6 |  7- 9 || total
-------------------------+-------+-------+-------++-------
Melee: Unarmed           |    30 |   136 |    68 ||   234
       Staff             |       |       |    23 ||    23
 Cast: Sandblast         |    52 |    46 |    87 ||   185
       Stone Arrow       |       |    17 |   125 ||   142
       Lee's Rapid Decon |       |       |     2 ||     2
Evoke: Wand              |       |     1 |       ||     1
  Use: Scroll            |       |       |    12 ||    12
Armor: Robe              |    18 |    65 |    67 ||   150
Dodge: Dodged            |    35 |    91 |    94 ||   220
